 Dungeon Crawl Stone Soup version 0.19-a0-994-g3c636f0 (webtiles) character file.

233 matakusis the Ducker (level 5, 0/41 HPs)
             Began as a Demonspawn Gladiator on July 17, 2016.
             Was an Initiate of Hepliaklqana.
             Slain by matakusis's ghost (13 damage)
             ... on level 4 of the Dungeon.
             The game lasted 00:06:36 (2374 turns).

matakusis the Ducker (Demonspawn Gladiator)         Turns: 2374, Time: 00:06:37

Health: 0/41       AC:  9    Str: 15    XL:     5   Next: 74%
Magic:  5/5        EV: 10    Int:  9    God:    Hepliaklqana [......]
Gold:   174        SH:  8    Dex: 15    Spells: 0 memorised, 4 levels left

rFire  . . .     SeeInvis .     a - +0 long sword
rCold  . . .     Gourm    .     b - +0 leather armour
rNeg   . . .     Faith    .     p - +0 shield
rPois  .         Spirit   .     c - +0 helmet
rElec  .         Dismiss  .     g - +0 cloak
rCorr  .         Reflect  .     (no gloves)
SustAt +         Harm     +     h - +0 pair of boots
MR     .....                    l - amulet of harm
Stlth  +.........               (no ring)
                                y - ring of sustain attributes

@: not resistant to hostile enchantments, very unstealthy
A: icy blue scales 2
a: Recall Ancestor, Ancestor Identity, Renounce Religion


You were on level 4 of the Dungeon.
You worshipped Hepliaklqana.
Hepliaklqana was noncommittal.
You were not hungry.

You visited 1 branch of the dungeon, and saw 4 of its levels.

You collected 174 gold pieces.

Inventory:

Hand Weapons
 a - a +0 long sword (weapon)
Missiles
 d - 3 throwing nets (quivered)
Armour
 b - a +0 leather armour (worn)
 c - a +0 helmet (worn)
 g - a +0 cloak (worn)
 h - a +0 pair of boots (worn)
 p - a +0 shield (worn)
Jewellery
 l - an amulet of harm (around neck)
 y - a ring of sustain attributes (left hand)
Scrolls
 e - 3 scrolls of magic mapping {unknown}
 j - 2 scrolls of fog {unknown}
 k - 4 scrolls of remove curse {unknown}
 m - 2 scrolls of enchant weapon {unknown}
 n - 2 scrolls of blinking {unknown}
 s - 4 scrolls of identify {unknown}
 u - a scroll of random uselessness {unknown}
 B - a scroll of immolation {unknown}
 F - a scroll of teleportation {unknown}
Potions
 i - a potion of degeneration {unknown}
 o - 3 potions of heal wounds {unknown}
 t - a potion of curing {unknown}
 v - a potion of agility {unknown}
 w - 2 potions of resistance {unknown}
 x - a potion of lignification {unknown}
 z - 2 potions of flight {unknown}
 C - a potion of invisibility {unknown}
 D - a potion of brilliance {unknown}
Comestibles
 f - 4 bread rations
 q - a fruit
 r - a slice of pizza
 A - a meat ration
 E - a chunk of flesh


   Skills:
 * Level 3.3 Fighting
 + Level 3.6 Long Blades
 - Level 1.7 Throwing
 + Level 1.4 Armour
 + Level 3.7 Dodging
 * Level 2.0 Shields


You had 4 spell levels left.
You didn't know any spells.

Dungeon Overview and Level Annotations

Branches:
Dungeon (4/15)
 Temple: D:4-7

Altars:
Elyvilon
Hepliaklqana
Qazlal

Annotations:
D:4 matakusis's ghost, amateur DsGl


Innate Abilities, Weirdness & Mutations

You are mostly covered in icy blue scales. (AC +3, EV -1)


Message History

The orc hits Cuetlachtli.
Matakusis's ghost barely misses you.
Cuetlachtli hits matakusis's ghost.
The orc closely misses Cuetlachtli.
Matakusis's ghost barely misses Cuetlachtli.
You hit matakusis's ghost but do no damage.
Matakusis's ghost is heavily damaged.
Cuetlachtli closely misses matakusis's ghost.
The orc hits Cuetlachtli.
Matakusis's ghost hits you.
* * * LOW HITPOINT WARNING * * *
You closely miss matakusis's ghost.
Matakusis's ghost is heavily damaged.
Cuetlachtli hits matakusis's ghost but does no damage.
The orc hits Cuetlachtli but does no damage.
Matakusis's ghost closely misses you.
You riposte.
Your shield and leather armour prevent you from hitting matakusis's ghost.
Matakusis's ghost is heavily damaged.
Cuetlachtli hits the orc but does no damage.
You closely miss matakusis's ghost.
Matakusis's ghost is heavily damaged.
The orc hits Cuetlachtli.
Matakusis's ghost hits you!
You die...

####### #.....#
######.###.######
................. ####
####....(........ #..#
#..#........####. +..#
####..'..#.###.# #. ##)#
#.†@))#........>. #.
#######..##+#.W#####.<####.#..#.
#))#........#R## #..# #.#$.#.
#..'.#####...o.# #..####.# ...
#####.#(..##+#..# #.....#.#####
#).#..'.(.# #..+ ....#.#......
#..'..#.%.# #R.# ...#.#..####
#####.##### ##.### #.#..#
#..#..# +...+ #.#..#


You could see the friendly Cuetlachtli the ancestor, matakusis's ghost and an
orc.

Vanquished Creatures
  A crimson imp (D:3)
  An orc wizard (D:3)
  2 gnolls (D:4)
  An adder (D:2)
  A worm (D:3)
  A giant gecko (D:2)
  4 orcs
  4 bats
  A giant cockroach (D:2)
  5 goblins
  4 hobgoblins
  7 jackals
  A quokka (D:3)
  A ball python (D:2)
  11 kobolds
  5 rats
50 creatures vanquished.

Vanquished Creatures (collateral kills)
  An ogre (D:3)
  An orc (D:4)
  A goblin (D:3)
  A hobgoblin (D:3)
  A giant newt (D:3)
5 creatures vanquished.

Grand Total: 55 creatures vanquished

Notes
Turn   | Place    | Note
-------+----------+-------------------------------------------
     0 | D:1      | matakusis the Demonspawn Gladiator began the quest for the Orb.
     0 | D:1      | Reached XP level 1. HP: 16/16 MP: 1/1
   494 | D:1      | Gained mutation: You are partially covered in icy blue scales. (AC +1) [demonic ancestry]
   494 | D:1      | Reached XP level 2. HP: 22/22 MP: 2/2
  1272 | D:2      | Found a hazy altar of Hepliaklqana.
  1278 | D:2      | Became a worshipper of Hepliaklqana
  1305 | D:2      | Gained mutation: You are mostly covered in icy blue scales. (AC +3, EV -1) [demonic ancestry]
  1305 | D:2      | Reached XP level 3. HP: 26/27 MP: 3/3
  1878 | D:3      | Noticed an ogre
  1885 | D:3      | Killed an ogre
  1885 | D:3      | Reached skill level 1 in Armour
  1885 | D:3      | Reached skill level 1 in Shields
  1885 | D:3      | Reached XP level 4. HP: 32/34 MP: 4/4
  1999 | D:3      | Reached XP level 5. HP: 40/40 MP: 5/5
  2103 | D:3      | Found a stormy altar of Qazlal.
  2103 | D:3      | Found a white marble altar of Elyvilon.
  2339 | D:4      | Noticed matakusis's ghost (amateur DsGl)
  2374 | D:4      | Slain by matakusis's ghost

Vault maps used:
D:1:      ncdulo_lavacross, serial_co_window_serial, co_window_paths_b,
          co_window_of_opportunity_a, co_window_paths_b, co_window_paths_a,
          co_window_corner_a, co_window_corner_a, co_window_paths_c,
          co_window_of_opportunity_b, co_window_unsneaky_path_d,
          co_window_4corner_b, glass_columns_a, glass_columns_a
D:2:      overflow_temple_1_default, columned_hall_lemuel
D:3:      amethyst_overflow_temple_binary, kennysheep_another_room
D:4:      corexii_shantytown, portal_sewer_entry_f, minmay_divided_ellipse

Skill      XL: |  1  2  3  4  5 |
---------------+----------------+-----
Dodging        | 3 |  3.7
Long Blades    | 3 |  3.6
Armour         | 1 |  1.4
Shields        | 1 2 |  2.0
Fighting       | 3 |  3.3
Throwing       | |  1.7

Action                   |  1- 3 |  4- 6 || total
-------------------------+-------+-------++-------
Melee: Long sword        |   109 |    81 ||   190
  Eat: Chunk             |     3 |     2 ||     5
Armor: Leather armour    |    37 |    20 ||    57
Dodge: Dodged            |    58 |    27 ||    85
Block: Shield            |    31 |    31 ||    62
